 Dungeon Crawl Stone Soup version 0.29.1-1-gd02db6906a (webtiles) character file.

Game seed: 5992684854821409516

49 Tiocfaidh the Gusty (level 3, -2/26 HPs)
             Began as a Demigod Air Elementalist on Sept 27, 2022.
             Slain by a kobold
             ... wielding a +0 club
              (3 damage)
             ... on level 2 of the Dungeon on Sept 28, 2022.
             The game lasted 00:12:49 (1866 turns).

Tiocfaidh the Gusty (Demigod Air Elementalist)      Turns: 1866, Time: 00:12:50

Health: -2/26      AC:  2    Str:  8 (9)  XL:     3   Next: 33%
Magic:  2/9        EV: 12    Int: 18 (21) God:
Gold:   103        SH:  0    Dex: 13 (14) Spells: 3/7 levels left

rFire   . . .      SeeInvis .   f - +1 dagger (elec)
rCold   . . .      Faith    .   (no shield)
rNeg    . . .      Spirit   .   a - +0 robe
rPois   .          Reflect  .   (no helmet)
rElec   .          Harm     .   (no cloak)
rCorr   .          Rampage  .   (no gloves)
Will    .....                   (no boots)
Stlth   ++........              (no amulet)
HPRegen 0.08/turn               (no ring)
MPRegen 0.11/turn               (no ring)

@: lethally poisoned (-2 -> -4)
A: high MP 1, forlorn, divine attributes
a: no special abilities


You were on level 2 of the Dungeon.
You visited 1 branch of the dungeon, and saw 2 of its levels.

You collected 103 gold pieces.

Inventory:

Hand Weapons
 f - a +1 dagger of electrocution (weapon)
Armour
 a - a +0 robe (worn)
Scrolls
 d - a scroll of identify
Potions
 b - 2 potions of magic
 e - a potion of curing
 g - a potion of degeneration


   Skills:
 + Level 0.1 Fighting
 + Level 2.1 Dodging
 + Level 1.8 Stealth
 + Level 2.5 Spellcasting
 + Level 1.2 Conjurations
 + Level 3.2 Air Magic


You had 3 spell levels left.
You knew the following spells:

 Your Spells              Type           Power      Damage    Failure   Level
a - Shock                 Conj/Air       40%        1d5       7%          1
b - Static Discharge      Conj/Air       10%        3-5/arc   11%         2
c - Magic Dart            Conj           24%        1d4       11%         1

Your spell library contained the following spells:

 Spells                   Type           Power      Damage    Failure   Level
 Swiftness                Air            14%        N/A       14%         3
 Searing Ray              Conj           12%        2d4       16%         2
 Slow                     Hex            8%         N/A       17%         1
 Confusing Touch          Hex            2%         N/A       45%         3
 Vampiric Draining        Necr           2%         2d6       45%         3
 Airstrike                Air            7%         2d(1-17)  41%         4
 Fulminant Prism          Conj/Hex       2%         3d6       80%         4


Dungeon Overview and Level Annotations

Branches:
Dungeon (2/15)

Annotations:
D:2 Terence


Innate Abilities, Weirdness & Mutations

You have an increased reservoir of magic. (+10% MP)
You shall have no god before yourself.
Your divine heritage dramatically boosts your attributes as you level up.


Message History

The kobold hits you with a +0 club. The adder bites you.
The kobold hits you with a +0 whip. The dart slug bites you.
Aiming: Shock (safe; 7% risk of failure)
Press: ? - help, Q - select action, (/) - cycle Shift-Dir - straight line, f/p - kobold
Aim: a kobold, wielding a +0 whip (blue smoke, 60% to hit)
The zap hits the kobold.
The kobold is severely wounded.
The adder bites you.
You are poisoned.
The adder poisons you! The kobold barely misses you.
The kobold hits you with a +0 whip.
* * * LOW HITPOINT WARNING * * *
The dart slug barely misses you.
Aiming: Shock (safe; 7% risk of failure)
Press: ? - help, Q - select action, (/) - cycle Shift-Dir - straight line, f/p - kobold
Aim: a kobold, wielding a +0 whip (blue smoke, severely wounded, 60% to hit)
The zap misses the kobold.
* * * LOW HITPOINT WARNING * * *
You feel sick. The adder bites you but does no damage.
The kobold hits you but does no damage. The kobold misses you.
The adder closely misses you.
Aiming: Shock (safe; 7% risk of failure)
Press: ? - help, Q - select action, (/) - cycle Shift-Dir - straight line, f/p - kobold
Aim: a kobold, wielding a +0 whip (blue smoke, severely wounded, 60% to hit)
The zap misses the kobold.
* * * LOW HITPOINT WARNING * * *
You feel sick. The kobold hits you with a +0 club.
* * * LOW HITPOINT WARNING * * *
The dart slug closely misses you. The kobold hits you but does no damage.
The adder closely misses you.
Aiming: Shock (safe; 7% risk of failure)
Press: ? - help, Q - select action, (/) - cycle Shift-Dir - straight line, f/p - kobold
Aim: a kobold, wielding a +0 whip (blue smoke, severely wounded, 60% to hit)
The zap hits the kobold.
You kill the kobold!
* * * LOW HITPOINT WARNING * * *
You feel sick. The adder barely misses you.
Terence screams, "I'm going to kill you!"
The kobold hits you with a +0 club.
You die...

#.....#.######.........###
#.....#..............#...#
......#..................>
.............#############
.............'.....÷...#
#.#.#####.......#####.....#
.......†..................#
#......###############....###
+......#..§§@§§§@..........).
#......#.§§wKS§..#####....###
#......#..§§@§§..# #....#
########.........# #....#
#.........# #....#
#.........# #..@.#
#.........# #....#
#.........+ #....###
........# #.......


You could see Terence, an adder, a dart slug and a kobold.

Vanquished Creatures
  3 dart slugs (D:1)
  An orc (D:2)
  6 ball pythons
  4 endoplasms
  A giant cockroach (D:1)
  2 goblins
  5 hobgoblins
  3 kobolds (D:2)
  A quokka (D:2)
  4 bats
  4 frilled lizards
  8 rats
42 creatures vanquished.

Vanquished Creatures (others)
  3 plants (D:1)
3 creatures vanquished.

Grand Total: 45 creatures vanquished

Notes
Turn   | Place    | Note
-------+----------+-------------------------------------------
     0 | D:1      | Tiocfaidh the Demigod Air Elementalist began the quest for
                  | the Orb.
     0 | D:1      | Reached XP level 1. HP: 14/14 MP: 5/5
   473 | D:1      | Reached skill level 3 in Air Magic
   473 | D:1      | Reached XP level 2. HP: 20/20 MP: 4/7
  1028 | D:1      | Reached skill level 1 in Conjurations
  1074 | D:2      | Learned a level 2 spell: Static Discharge
  1365 | D:2      | Learned a level 1 spell: Magic Dart
  1394 | D:2      | Reached XP level 3. HP: 26/26 MP: 2/9
  1835 | D:2      | Noticed Terence
  1866 | D:2      | HP: 1/26 [poisoned by an adder]
  1866 | D:2      | Slain by a kobold

Illustrated notes

Levels and vault maps discovered:
D:1:      dpeg_arrival_rooms_with_view, layout_loops_ring,
          chequers_ecumenical_altar_lobes
D:2:      layout_basic, basic_altar, st_stairs_3, kennysheep_nondescript,
          kennysheep_generic_room_2, uniq_terence

Skill      XL: |  1  2 |
---------------+-------+-----
Spellcasting   | 2 |  2.5
Air Magic      | 3 |  3.2
Dodging        | 2 |  2.1
Conjurations   | 1 |  1.2
Fighting       | |  0.1
Stealth        | |  1.8

Action                   || total
-------------------------++-------
Melee: Unarmed           ||    10
       Dagger            ||    20
 Cast: Shock             ||    61
       Magic Dart        ||    14
       Static Discharge  ||     4
  Use: Potion            ||     3
       Scroll            ||     2
 Stab: Sleeping          ||     2
Armor: Robe              ||    10
Dodge: Dodged            ||    45
